 Dungeon Crawl Stone Soup version 0.20.0-1-g1cb1d84 (webtiles) character file.

92 FakerFangirl the Cudgeler (level 4, -8/38 HPs)
             Began as a Draconian Fighter on May 26, 2017.
             Splashed by a jelly's acid (9 damage)
             ... on level 2 of the Dungeon.
             The game lasted 00:00:58 (933 turns).

FakerFangirl the Cudgeler (Draconian Fighter)        Turns: 933, Time: 00:00:58

Health: -8/38      AC:  1    Str: 15 (18) XL:     4   Next: 35%
Magic:  4/4        EV: 10    Int:  7 (8)  God:
Gold:   57         SH:  8    Dex: 12      Spells: 3/3 levels left

rFire    . . .     SeeInvis .   Y - +0 flail
rCold    . . .     Gourm    .   b - +0 shield
rNeg     . . .     Faith    .   (armour unavailable)
rPois    .         Spirit   .   (helmet restricted)
rElec    .         Reflect  .   (no cloak)
rCorr    .         Harm     .   (no gloves)
MR       .....                  (no boots)
Stlth    +.........             (no amulet)
Regen    0.2/turn               (no ring)
MPRegen  0.1/turn               (no ring)

@: corroded
A: unfitting armour, cold-blooded, AC +5
a: no special abilities


You were on level 2 of the Dungeon.
You were not hungry.

You visited 1 branch of the dungeon, and saw 2 of its levels.

You collected 57 gold pieces.


Innate Abilities, Weirdness & Mutations

Your plain brown scales are hard. (AC +5)
You cannot fit into any form of body armour.
You are cold-blooded and may be slowed by cold attacks.


   Skills:
 - Level 3.2 Fighting
 + Level 4.6 Maces & Flails
 - Level 2.6 Dodging
 - Level 3.0 Shields


You had 3 spell levels left.
You didn't know any spells.

Inventory:

Hand Weapons
 Y - a +0 flail (weapon)
Armour
 b - a +0 shield (worn)
Potions
 c - a potion of might
Comestibles
 d - a bread ration
 h - a fruit

Dungeon Overview and Level Annotations

Branches:
Dungeon (2/15)

Altars:


Message History

The ooze is almost dead.
You block the ooze's attack. The ooze hits you.
You hit the ooze.
You kill the ooze!
You feel your dexterity returning. The jelly hits you. The acid corrodes you!
You are splashed with acid!
The acid burns!
You hit the jelly.
Your hands burn!
The jelly is lightly wounded.
The jelly hits you.
You are splashed with acid!
The acid burns!
You thump the jelly!
Your hands burn!
You tail-slap the jelly, but do no damage.
The jelly is heavily wounded.
The jelly closely misses you.
You sock the jelly!
You kill the jelly!
You feel your intelligence returning.
You have reached level 4!
You feel agile. The jelly hits you.
You are splashed with acid!
The acid burns!
You die...

##.....##
#.......#
#.......#
#.......#
#.......#
####....#
##..'....#
#.########
##)....@##
#######J#
.P..JJ...#
...PJJ...#
.....P...#
%%...PJ..#
%......%%#
$.%..%.P.#
##########


You could see a jelly.

Vanquished Creatures
  A jelly (D:2)
  8 oozes (D:2)
  A dart slug (D:1)
  2 giant cockroaches (D:1)
  A goblin (D:1)
  A hobgoblin (D:1)
  2 jackals (D:1)
  10 kobolds
  A bat (D:1)
  A frilled lizard (D:2)
28 creatures vanquished.

Vanquished Creatures (others)
  A fungus (D:2)
  7 toadstools (D:2)
8 creatures vanquished.

Grand Total: 36 creatures vanquished

Notes
Turn   | Place    | Note
-------+----------+-------------------------------------------
     0 | D:1      | FakerFangirl the Draconian Fighter began the quest for the Orb.
     0 | D:1      | Reached XP level 1. HP: 19/19 MP: 1/1
     0 | D:1      | 0 ||| counter = 88
   285 | D:1      | Reached XP level 2. HP: 26/26 MP: 2/2
   381 | D:1      | Reached skill level 3 in Maces & Flails
   555 | D:1      | 555 ||| READING scroll labeled KAYR TUSCHASM.
   556 | D:1      | 556 ||| READING scroll labeled XOYTAC SOTA.
   557 | D:1      | 557 ||| DRINKING 2 puce potions.
   558 | D:1      | 558 ||| DROPPING potion of degeneration.
   668 | D:2      | 668 ||| Stepping ~*~*~tactically~*~*~ (outnumbered).
   672 | D:2      | 672 ||| Stepping ~*~*~tactically~*~*~ (outnumbered).
   908 | D:2      | Reached XP level 3. HP: 29/31 MP: 3/3
   915 | D:2      | 915 ||| Stepping ~*~*~tactically~*~*~ (outnumbered).
   924 | D:2      | Reached skill level 4 in Maces & Flails
   931 | D:2      | HP: 3/31 [acid (9)]
   933 | D:2      | Reached XP level 4. HP: 3/38 MP: 4/4
   933 | D:2      | HP: 1/38 [jelly (2)]
   933 | D:2      | Splashed by a jelly's acid

Vault maps used:
D:1:      eino_arrival_cavern_d
D:2:      cheibrodos_fertilizer, first_bread

Skill      XL: |  1  2  3 |
---------------+----------+-----
Maces & Flails | 3 4 |  4.6
Fighting       | |  3.2
Dodging        | |  2.6
Shields        | |  3.0

Action                   |  1- 3 |  4- 6 || total
-------------------------+-------+-------++-------
Melee: Flail             |    88 |       ||    88
       Tailslap          |    11 |       ||    11
  Use: Scroll            |     2 |       ||     2
       Potion            |     1 |       ||     1
Armor: Skin              |    31 |       ||    31
Dodge: Dodged            |    40 |       ||    40
Block: Shield            |    44 |       ||    44
